 Dungeon Crawl Stone Soup version 0.15.2 (webtiles) character file.

6000 Heini the Fighter (level 10, -6/99 HPs)
             Began as a Minotaur Fighter on Jan 22, 2015.
             Was a Follower of Okawaru.
             Killed from afar by a gargoyle (27 damage)
             ... with a stone arrow
             ... on Level 10 of the Dungeon.
             The game lasted 00:30:54 (7407 turns).

Heini the Fighter (Minotaur Fighter)                Turns: 7407, Time: 00:30:54

HP  -6/99        AC 12     Str 24      XL: 10   Next: 55%
MP   4/4         EV  8     Int  5      God: Okawaru [*.....]
Gold 648         SH  9     Dex 10      Spells:  0 memorised,  9 levels left

rFire  . . .     SeeInvis .     a - +0 flail (curse)
rCold  . . .     Clarity  .     v - +4 ring mail
rNeg   + . .     rCorr    .     c - +0 shield
rPois  .         rRot     .     (helmet restricted)
rElec  .         Spirit   .     (no cloak)
SustAb .         Warding  +     J - +0 pair of gloves (curse)
rMut   .         Stasis   .     (no boots)
Gourm  .                        x - cursed amulet of warding
MR     .....                    m - ring of regeneration
                                y - ring of invisibility

@: not resistant to hostile enchantments, extremely unstealthy
A: retaliatory headbutt, horns 2
a: Heroism, Renounce Religion, Evoke Invisibility


You were on level 10 of the Dungeon.
You worshipped Okawaru.
Okawaru was aware of your devotion.
You were not hungry.

You visited 2 branches of the dungeon, and saw 11 of its levels.

You collected 648 gold pieces.

Inventory:

Hand weapons
 a - a cursed +0 flail (weapon)
Armour
 c - a +0 shield (worn)
 v - a +4 ring mail (worn)
 A - a cursed +0 shield
 J - a cursed +0 pair of gloves (worn)
Magical devices
 b - a wand of magic darts (13) {unknown}
 n - a wand of slowing (0)
 p - a wand of confusion (0)
 w - a wand of frost (16) {unknown}
 I - a wand of polymorph (16) {unknown}
 M - a wand of digging (15) {unknown}
 N - a wand of random effects (9) {unknown}
 P - a wand of cold (11) {unknown}
Comestibles
 d - 14 bread rations
 g - 10 beef jerkies
 r - 5 meat rations
 z - 3 fruits
 G - 2 chunks of giant frog flesh
Scrolls
 e - 3 scrolls of immolation {unknown}
 h - 5 scrolls of identify
 l - 3 scrolls of enchant armour
 t - 3 scrolls of recharging {unknown}
 B - a scroll of fog
 D - 2 scrolls of magic mapping
 E - a scroll of remove curse
 H - a scroll of enchant weapon {unknown}
 L - 2 scrolls of fear {unknown}
 R - a scroll of blinking
Jewellery
 k - an uncursed ring of teleportation
 m - a ring of regeneration (right hand)
 o - an uncursed amulet of guardian spirit
 q - an uncursed amulet of clarity {unknown}
 s - an uncursed ring of positive energy
 x - a cursed amulet of warding (around neck)
 y - a ring of invisibility (left hand)
 K - a cursed ring of loudness {unknown}
 U - an uncursed ring of wizardry {unknown}
Potions
 f - a potion of magic
 i - a potion of invisibility
 j - 3 potions of brilliance
 u - a potion of might
 C - 4 potions of curing
 F - a potion of agility
 Q - a potion of restore abilities
Books
 O - a book of Summonings

   Spells                             Type                      Level
   Abjuration                         Summoning                    3
   Recall                             Summoning/Translocation      3
   Shadow Creatures                   Summoning                    5
   Summon Demon                       Summoning                    5
   Summon Forest                      Summoning/Translocation      5
   Monstrous Menagerie                Summoning                    6
 S - a book of the Tempests

   Spells                             Type                      Level
   Static Discharge                   Conjuration/Air              3
   Lightning Bolt                     Conjuration/Air              5
   Fireball                           Conjuration/Fire             5
   Tornado                            Air                          9
   Shatter                            Earth                        9
 T - a book of Battle

   Spells                             Type                      Level
   Infusion                           Charms                       1
   Shroud of Golubria                 Charms/Translocation         2
   Song of Slaying                    Charms                       2
   Spectral Weapon                    Hexes/Charms                 3
   Regeneration                       Charms/Necromancy            3


   Skills:
 * Level 12.3 Fighting
 * Level 12.2 Maces & Flails
 * Level 9.0 Armour
 - Level 3.6 Shields


You had 9 spell levels left.
You didn't know any spells.

Dungeon Overview and Level Annotations

Branches:
Dungeon (10/15)            Temple (1/1) D:5
    Orc: D:9-12        Lair: D:8-11

Altars:
Ashenzari
Cheibriados
Dithmenos
Elyvilon
Fedhas
Kikubaaqudgha
Makhleb
Nemelex Xobeh
Okawaru
Qazlal
Sif Muna
Trog
Vehumet
Xom
Yredelemnul
Zin
The Shining One

Shops:
D:8 }

Annotations:
D:8 exclusion: ice statue


Innate Abilities, Weirdness & Mutations

You reflexively headbutt those who attack you in melee.
You have a pair of horns on your head.


Message History

You hit the hill giant. Your headbutt misses the hill giant.
The hill giant is lightly wounded.
The gargoyle hurls a stone arrow at you.
The stone arrow misses you.
You completely miss the hill giant.
The hill giant is lightly wounded.
The hill giant hits you with a giant spiked club!!
You hit the hill giant.
The hill giant is moderately wounded.
You hit the hill giant. You headbutt the hill giant!
The hill giant is heavily wounded.
The gargoyle hurls a stone arrow at you.
You block the stone arrow.
The hill giant hits you with a giant spiked club!!
* * * LOW HITPOINT WARNING * * *
Your shield prevents you from hitting the hill giant.
The hill giant is heavily wounded.
The gargoyle hurls a stone arrow at you.
The stone arrow hits you!
You die...

###...# .......# ........#
.........#####+ ................
#............. #..........#
#.....)..9.# #....#@##### #....
#....#.C....... #.... .
#....#........ #....
..###+####....#........ #....
...............#........ #....
...............####.... +....
.....)............#.$. #....
..................###########....
.......).........................


You could see a hill giant and a gargoyle.

Vanquished Creatures
  Pikel (D:5)
  A troll (D:8)
  Prince Ribbit (D:6)
  A deep elf mage (D:7)
  2 humans (D:7)
  4 hippogriffs
  Menkaure (D:7)
  A water moccasin (D:8)
  6 ice beasts
  A necrophage (D:8)
  3 phantoms (D:10)
  2 orc warriors
  2 sky beasts
  5 ogres
  A big kobold (D:7)
  2 centaurs
  Sigmund (D:2)
  Duvessa (D:5)
  Blork the orc (D:5)
  4 giant frogs
  A scorpion (D:9)
  5 killer bees (D:7)
  A hippogriff zombie (D:7)
  2 goliath beetles
  3 hounds
  Dowan (D:5)
  2 crimson imps
  3 orc priests
  3 iguanas
  6 worker ants
  8 orc wizards
  4 quasits
  2 killer bee zombies (D:7)
  A hound skeleton (D:9)
  2 mummies
  13 adders
  4 gnolls
  An orc zombie (D:10)
  A shadow imp (D:7)
  2 giant mites
  3 worms (D:2)
  An adder zombie (D:6)
  5 giant geckos
  An ooze (D:3)
  27 orcs
  A bat skeleton (D:5)
  16 hobgoblins
  18 kobolds
  5 quokkas
  21 bats
  4 giant cockroaches
  4 giant newts
  10 goblins
  A quokka zombie (D:5)
  16 rats
  2 ballistomycetes (D:9)
241 creatures vanquished.

Vanquished Creatures (others)
  An orc priest (D:5)
  A giant spore (D:9)
2 creatures vanquished.

Grand Total: 243 creatures vanquished

Notes
Turn   | Place    | Note
--------------------------------------------------------------
     0 | D:1      | Heini, the Minotaur Fighter, began the quest for the Orb.
     0 | D:1      | Reached XP level 1. HP: 19/19 MP: 1/1
   143 | D:1      | Reached skill level 4 in Fighting
   278 | D:1      | Reached XP level 2. HP: 27/27 MP: 1/1
   868 | D:2      | Reached XP level 3. HP: 31/34 MP: 2/2
   944 | D:2      | Found a blossoming altar of Fedhas.
   945 | D:2      | Found a glowing silver altar of Zin.
  1066 | D:2      | Reached XP level 4. HP: 37/41 MP: 2/2
  1130 | D:2      | Noticed Sigmund
  1138 | D:2      | Killed Sigmund
  1138 | D:2      | Reached skill level 5 in Fighting
  1138 | D:2      | Reached skill level 5 in Armour
  1138 | D:2      | Reached XP level 5. HP: 22/48 MP: 1/2
  2409 | D:3      | Reached XP level 6. HP: 57/57 MP: 3/3
  2553 | D:4      | Reached skill level 6 in Fighting
  2636 | D:4      | Found a shattered altar of Ashenzari.
  2665 | D:4      | Found a bloodstained altar of Trog.
  3000 | D:5      | Entered Level 5 of the Dungeon
  3164 | D:5      | Noticed Blork the orc
  3170 | D:5      | Killed Blork the orc
  3170 | D:5      | Reached skill level 5 in Maces & Flails
  3170 | D:5      | Reached XP level 7. HP: 50/64 MP: 3/3
  3171 | D:5      | Reached skill level 7 in Fighting
  3232 | D:5      | Noticed Dowan
  3243 | D:5      | Killed Dowan
  3436 | D:5      | Noticed Pikel
  3453 | D:5      | Killed Pikel
  3453 | D:5      | Reached skill level 8 in Fighting
  3453 | D:5      | Reached XP level 8. HP: 54/74 MP: 2/3
  3471 | D:5      | Found a staircase to the Ecumenical Temple.
  3480 | Temple   | Entered the Ecumenical Temple
  3631 | D:5      | Noticed Duvessa
  3642 | D:5      | Killed Duvessa
  3839 | D:6      | Reached skill level 9 in Fighting
  4052 | D:6      | Noticed Prince Ribbit
  4062 | D:6      | Killed Prince Ribbit
  4232 | D:6      | Reached XP level 9. HP: 83/85 MP: 4/4
  4432 | D:7      | Reached skill level 10 in Fighting
  4892 | D:7      | Reached skill level 10 in Maces & Flails
  5019 | D:7      | Found an iron altar of Okawaru.
  5026 | D:7      | Reached skill level 11 in Fighting
  5056 | D:7      | Became a worshipper of Warmaster Okawaru
  5122 | D:7      | Noticed Menkaure
  5126 | D:7      | Killed Menkaure
  5353 | D:8      | Noticed an ice statue
  5371 | D:8      | Found Jimel's Gadget Shop.
  5624 | D:8      | Reached XP level 10. HP: 96/96 MP: 4/4
  5861 | D:8      | Acquired Okawaru's first power
  6149 | D:9      | HP: 3/97 [ice beast (13)]
  6149 | D:9      | HP: 1/97 [troll (2)]
  6292 | D:8      | Reached skill level 12 in Fighting
  7096 | D:10     | Entered Level 10 of the Dungeon
  7197 | D:10     | Found a glowing golden altar of the Shining One.
  7398 | D:10     | Noticed a hill giant
  7407 | D:10     | Killed from afar by a gargoyle

Action                   |  1- 3 |  4- 6 |  7- 9 | 10-12 || total
-------------------------+-------+-------+-------+-------++-------
Melee: Flail             |    79 |   153 |   364 |   223 ||   819
  Use: Scroll            |     2 |     5 |     4 |     4 ||    15
       Potion            |     1 |     1 |     1 |     1 ||     4
  Eat: Chunk             |     1 |     7 |    11 |     8 ||    27
